[Event "Titled Tuesday Blitz June 20 Early 2023"]
[White "Anuj Shrivatri"]
[Black "TomLiu777"]
[WhiteFideId "35070924"]
[WhiteElo "2298"]
[BlackElo "2407"]
[Result "0-1"]
[Round "1"]
[TimeControl "180+2"]
[Date "2023.06.20"]
[WhiteClock "0:01:16"]
[BlackClock "0:01:46"]
[Board "113"]

1. Nf3 Nf6 2. d4 c5 3. d5 e6 4. Nc3 exd5 5. Nxd5 Nxd5 6. Qxd5 Nc6 7. e4 d6 8. Bb5 Qa5+ 9. Bd2 Qxb5 10. Bc3 Be6 11. Qg5 Be7 12. Qxg7 O-O-O 13. Qh6 Rhg8 14. Rg1 Bg4 15. a4 Qa6 16. Qe3 Bxf3 17. Qxf3 Qc4 18. b3 Qe6 19. O-O-O Ne5 20. Qe2 Bf6 21. Rd5 Nc6 22. Bxf6 Qxf6 23. c3 0-1


[Site "https://www.chess.com"]

[Event "Titled Tuesday Blitz June 20 Early 2023"]
[White "Carrasco Miranda, Andres"]
[Black "Morefield, Jason"]
[WhiteFideId "3405990"]
[BlackFideId "30920825"]
[WhiteElo "2183"]
[BlackElo "2171"]
[Result "0-1"]
[Round "1"]
[TimeControl "180+2"]
[Date "2023.06.20"]
[WhiteClock "0:00:00"]
[BlackClock "0:00:10"]
[Board "114"]

1. d4 Nf6 2. c4 e6 3. g3 d5 4. Bg2 Bb4+ 5. Nd2 O-O 6. Nf3 a6 7. O-O dxc4 8. Nxc4 Nbd7 9. Nfe5 Nxe5 10. Nxe5 h6 11. a3 Bd6 12. Nd3 Be7 13. e3 Rb8 14. b4 Bd7 15. Re1 Bb5 16. Ne5 Nd7 17. Nf3 Bc6 18. Bb2 Nb6 19. Rc1 Ra8 20. Rxc6 bxc6 21. Ne5 Bf6 22. Nxc6 Qd6 23. e4 Qxc6 24. e5 Qa4 25. exf6 Qxd1 26. Rxd1 gxf6 27. Bxa8 Rxa8 28. Rc1 Nd5 29. Rc5 Rb8 30. Bc1 h5 31. Kg2 Kf8 32. Bd2 Ke7 33. h3 Kd7 34. Kf3 f5 35. g4 hxg4+ 36. hxg4 fxg4+ 37. Kxg4 Rb5 38. Kg5 Rxc5 39. dxc5 Kc6 40. Kh6 e5 41. Kg7 f6 42. Kf7 Kd7 43. Kg6 Ke6 44. a4 c6 45. f3 f5 46. Kg5 e4 47. fxe4 fxe4 48. Kg4 Ke5 49. Be1 Kd4 50. Kf5 e3 51. Ke6 Kc4 52. Kd6 Nxb4 0-1


[Site "https://www.chess.com"]

[Event "Titled Tuesday Blitz June 20 Early 2023"]
[White "Darini, Pouria"]
[Black "Ramirez Vido, Robert Yorisan"]
[WhiteFideId "12502200"]
[BlackFideId "3513823"]
[WhiteElo "2482"]
[BlackElo "2404"]
[Result "1-0"]
[Round "1"]
[TimeControl "180+2"]
[Date "2023.06.20"]
[WhiteClock "0:00:13"]
[BlackClock "0:00:00"]
[Board "115"]

1. d4 g6 2. Nf3 Nf6 3. Bf4 Bg7 4. e3 O-O 5. Be2 d6 6. c3 Nbd7 7. O-O Re8 8. h3 b6 9. a4 a6 10. Bc4 Bb7 11. Bh2 e5 12. dxe5 Nxe5 13. Nxe5 dxe5 14. Nd2 Qe7 15. Nf3 e4 16. Ne5 Nd5 17. Bxd5 Bxd5 18. Nxg6 hxg6 19. Qxd5 Rad8 20. Qc4 Rd2 21. Qxc7 Qxc7 22. Bxc7 Rxb2 23. Rab1 Bxc3 24. Rxb2 Bxb2 25. Rb1 Be5 26. Bxe5 Rxe5 27. Rxb6 Ra5 28. Rb4 f5 29. g4 Kf7 30. Kg2 Ke6 31. Kg3 Ke5 32. gxf5 gxf5 33. h4 Rc5 34. Rb6 Ra5 35. Rb4 Rc5 36. Rb8 Ra5 37. Re8+ Kf6 38. Rf8+ Kg6 39. Kf4 Rxa4 40. Rxf5 Ra2 41. h5+ Kh6 42. Kxe4 1-0


[Site "https://www.chess.com"]

[Event "Titled Tuesday Blitz June 20 Early 2023"]
[White "Kupervaser, Erez"]
[Black "Atakhan, Abtin"]
[WhiteFideId "2814587"]
[BlackFideId "22502203"]
[WhiteElo "2216"]
[BlackElo "2008"]
[Result "0-1"]
[Round "1"]
[TimeControl "180+2"]
[Date "2023.06.20"]
[WhiteClock "0:00:49"]
[BlackClock "0:01:14"]
[Board "116"]

1. e4 c5 2. Nf3 d6 3. Bb5+ Nd7 4. O-O a6 5. Bd3 Ngf6 6. c3 b5 7. a4 Bb7 8. axb5 axb5 9. Rxa8 Qxa8 10. Na3 b4 11. Nb5 Qa5 12. Bc4 e6 13. d4 Nxe4 14. Ng5 Be7 15. Nxe4 Bxe4 16. dxc5 d5 17. c6 O-O 18. Re1 Ne5 19. Nd4 Nxc4 0-1


[Site "https://www.chess.com"]

[Event "Titled Tuesday Blitz June 20 Early 2023"]
[White "Petrosian, Karlen"]
[Black "Bauman_Guy"]
[WhiteFideId "4176146"]
[WhiteElo "2345"]
[BlackElo "2400"]
[Result "1-0"]
[Round "1"]
[TimeControl "180+2"]
[Date "2023.06.20"]
[WhiteClock "0:00:35"]
[BlackClock "0:00:36"]
[Board "117"]

1. e4 c5 2. Be2 Nc6 3. f4 g6 4. Nf3 Bg7 5. O-O d6 6. c3 Nf6 7. d3 O-O 8. Kh1 c4 9. Be3 cxd3 10. Bxd3 Bg4 11. Nbd2 Rc8 12. h3 Bd7 13. a4 a6 14. Qe1 Rb8 15. Qh4 e6 16. Ng5 h6 17. Ngf3 d5 18. e5 Ne8 19. Qf2 Nc7 20. a5 Nb5 21. Nb3 Re8 22. Bb6 Qc8 23. Rac1 Bf8 24. Nbd4 Ncxd4 25. cxd4 Bc6 26. g4 Qd7 27. f5 Rbc8 28. fxg6 fxg6 29. Bxg6 Re7 30. Nh4 Rg7 31. Qe3 Be7 32. Rf6 Bxf6 33. exf6 Rxg6 34. Nxg6 Kh7 35. Ne5 Qe8 36. Rf1 Nd6 37. f7 Qh8 38. Bc5 Ne4 39. f8=Q Rxf8 40. Rxf8 1-0


[Site "https://www.chess.com"]

[Event "Titled Tuesday Blitz June 20 Early 2023"]
[White "Luo, Terry"]
[Black "Marek, Matyas"]
[WhiteFideId "30931045"]
[BlackFideId "335398"]
[WhiteElo "2265"]
[BlackElo "2302"]
[Result "1/2-1/2"]
[Round "1"]
[TimeControl "180+2"]
[Date "2023.06.20"]
[WhiteClock "0:01:05"]
[BlackClock "0:00:31"]
[Board "118"]

1. d4 Nf6 2. c4 c5 3. d5 b5 4. cxb5 a6 5. bxa6 g6 6. Nc3 Bg7 7. e4 O-O 8. Nf3 Qa5 9. Bd2 Bxa6 10. Bxa6 Qxa6 11. Qe2 e6 12. Qxa6 Nxa6 13. dxe6 fxe6 14. O-O d5 15. exd5 exd5 16. Bg5 d4 17. Bxf6 Rxf6 18. Ne4 Rb6 19. b3 Re6 20. Nfd2 Bh6 21. f3 Nb4 22. Nc4 Rxa2 23. Rxa2 Nxa2 24. Nxc5 Re2 25. Rd1 Bg7 26. Kf1 Nc3 27. Ra1 Rc2 28. Ra8+ Kf7 29. Nd6+ Ke7 30. Nde4 Nxe4 31. Nxe4 Be5 32. Ra7+ Ke6 33. b4 d3 34. Nc5+ Kd5 35. Nxd3 Bd4 36. Rd7+ Kc4 37. Nf4 Rf2+ 38. Ke1 Ra2 39. Ne2 Be3 40. b5 Ra1+ 41. Rd1 Bf2+ 42. Kd2 Be3+ 43. Ke1 Bf2+ 44. Kd2 Be3+ 45. Ke1 1/2-1/2


[Site "https://www.chess.com"]

[Event "Titled Tuesday Blitz June 20 Early 2023"]
[White "Rastbod, Ali"]
[Black "Nikologorsky, Matfei"]
[WhiteFideId "12567477"]
[BlackFideId "24102474"]
[WhiteElo "2281"]
[BlackElo "2153"]
[Result "1-0"]
[Round "1"]
[TimeControl "180+2"]
[Date "2023.06.20"]
[WhiteClock "0:00:43"]
[BlackClock "0:00:02"]
[Board "119"]

1. e4 c5 2. g3 d5 3. exd5 Qxd5 4. Nf3 Nc6 5. Nc3 Qd8 6. Bg2 Nf6 7. O-O e6 8. b3 Be7 9. Bb2 O-O 10. Re1 Rb8 11. Ne2 Qc7 12. d4 Rd8 13. Qc1 b6 14. dxc5 Bxc5 15. Bxf6 gxf6 16. Qh6 Bf8 17. Qxf6 Bg7 18. Qg5 Qe7 19. Qxe7 Nxe7 20. Rad1 Bb7 21. c4 Nc6 22. Ng5 h6 23. Ne4 Nb4 24. N4c3 Bxg2 25. Kxg2 Nd3 26. Rf1 Kf8 27. Kf3 Ke7 28. Ke3 Nb4 29. f4 Nc2+ 30. Kf2 h5 31. Rxd8 Rxd8 32. Rd1 Nd4 33. Ne4 h4 34. Nxd4 Bxd4+ 35. Kf3 hxg3 36. hxg3 Bb2 37. Rxd8 Kxd8 38. Nd6 f6 39. Ke4 Kd7 40. Nb5 a6 41. Nd4 Kd6 42. g4 Ba1 43. Nc2 Bb2 44. f5 exf5+ 45. gxf5 a5 46. Ne3 Be5 47. Kd3 Kc5 48. Nc2 b5 49. cxb5 Kxb5 50. Ke4 a4 51. Kd5 axb3 52. axb3 Bb2 53. Ke6 Kc5 54. Ne3 Kb4 55. Nd5+ Kxb3 56. Nxf6 Kc4 57. Nd7 Kb5 58. Ne5 Kb6 59. f6 Kc7 60. f7 Ba3 61. Ng6 Kd8 62. Nf4 Bb4 63. Nd5 Ba3 64. Ne3 Bb4 65. Nc4 Bc5 66. Ne5 Kc7 67. Ng6 Kd8 68. Nh4 Bb4 69. Ng2 Ba3 70. Ne1 Bb4 71. Nd3 Ba3 72. Kf6 Bd6 73. Kg7 Ba3 74. Nf2 Bb4 75. Ne4 Ba3 76. Kf6 Bb4 77. Ke6 Ba3 78. Nd6 1-0


[Site "https://www.chess.com"]

[Event "Titled Tuesday Blitz June 20 Early 2023"]
[White "Zilleruelo Irizarry, Diego"]
[Black "Idani, Pouya"]
[WhiteFideId "3101460"]
[BlackFideId "12510130"]
[WhiteElo "2009"]
[BlackElo "2574"]
[Result "1-0"]
[Round "1"]
[TimeControl "180+2"]
[Date "2023.06.20"]
[WhiteClock "0:00:10"]
[BlackClock "0:00:46"]
[Board "120"]

1. e4 c5 2. Nf3 d6 3. d4 cxd4 4. Qxd4 Nf6 5. Be2 Nc6 6. Qe3 g6 7. O-O Bg4 8. Rd1 Bxf3 9. Bxf3 Bg7 10. Nc3 O-O 11. Nd5 Ne5 12. Be2 Rc8 13. c3 Nxd5 14. exd5 a6 15. Bd2 Qd7 16. Rac1 Qa4 17. Qb6 Qxa2 18. Ra1 Qxd5 19. Bg5 Qc6 20. Qb3 Rfe8 21. Be3 e6 22. Rd2 d5 23. Rad1 b5 24. Ra1 Ra8 25. Qa3 Nc4 26. Bxc4 bxc4 27. Bd4 Bf8 28. Qa5 e5 29. Be3 Red8 30. Bg5 f6 31. Bh4 Rd6 32. Rad1 Rad8 33. Bxf6 Rxf6 34. Qxd8 Rd6 35. Qg5 Bg7 36. Qe7 Re6 37. Qd8+ Bf8 38. Qxd5 Qxd5 39. Rxd5 e4 40. Ra5 e3 41. fxe3 Bh6 42. e4 Be3+ 43. Kh1 Kg7 44. Rda1 Rxe4 45. Rxa6 Bf4 46. Rf1 g5 47. g3 Be3 48. Rc6 h5 49. Re1 h4 50. gxh4 g4 51. Kg2 Re8 52. Rxc4 Kh7 53. Rxg4 Rb8 54. Rxe3 Rxb2+ 55. Kg3 Rb7 56. Rd4 Rf7 57. Kh3 Rg7 58. Rg4 Rf7 59. Kg3 Rc7 60. Rf3 Kh6 61. Rgf4 Kh5 62. Rd4 Kh6 63. Rf5 Kh7 64. Re5 Kh6 65. Rd6+ Kh7 66. Ree6 Kg7 67. Kf4 Kh7 68. Rh6+ Kg7 69. Rdg6+ Kf7 70. Rc6 Rd7 71. Rh7+ 1-0


[Site "https://www.chess.com"]

[Event "Titled Tuesday Blitz June 20 Early 2023"]
[White "Martinez Ramirez, Lennis"]
[Black "Slavin, Alexey"]
[WhiteFideId "3509079"]
[BlackFideId "24104388"]
[WhiteElo "2410"]
[BlackElo "2264"]
[Result "1-0"]
[Round "1"]
[TimeControl "180+2"]
[Date "2023.06.20"]
[WhiteClock "0:00:03"]
[BlackClock "0:00:00"]
[Board "121"]

1. c4 Nc6 2. d4 e5 3. d5 Nce7 4. e4 Nf6 5. Nc3 Ng6 6. Be3 Bb4 7. f3 Bxc3+ 8. bxc3 d6 9. c5 O-O 10. Bc4 b6 11. cxd6 cxd6 12. Ne2 Qc7 13. Bb5 Bd7 14. c4 Rfc8 15. Ba6 Rd8 16. Rc1 h6 17. O-O Nh5 18. g3 Bh3 19. Rf2 Nf6 20. a4 Nh7 21. Kh1 Ng5 22. Ng1 Bc8 23. Bb5 Nh3 24. Ra2 Nxg1 25. Kxg1 Bd7 26. a5 bxa5 27. Bxd7 Rxd7 28. c5 dxc5 29. Rxc5 Qd6 30. Qa4 Rb7 31. Qc6 Rb1+ 32. Kg2 Qd8 33. Rcxa5 Rc8 34. Qa4 Kh7 35. Rxa7 Rc3 36. Bd2 Rc7 37. Ba5 Qg5 38. Rxc7 Nf4+ 39. Kf2 Nh3+ 40. Ke2 Ng1+ 41. Kd3 Nxf3 42. Qc2 Re1 43. Kc4 Re3 44. Kc5 Nd4 45. Qc4 Qd8 46. d6 Ne6+ 47. Kd5 1-0


[Site "https://www.chess.com"]

[Event "Titled Tuesday Blitz June 20 Early 2023"]
[White "Lopez Del Alamo, Antonio"]
[Black "Ajay Karthikeyan"]
[WhiteFideId "2227339"]
[BlackFideId "35011685"]
[WhiteElo "2175"]
[BlackElo "2321"]
[Result "0-1"]
[Round "1"]
[TimeControl "180+2"]
[Date "2023.06.20"]
[WhiteClock "0:00:12"]
[BlackClock "0:00:56"]
[Board "122"]

1. e4 c5 2. Nf3 d6 3. d4 cxd4 4. Nxd4 Nf6 5. Nc3 a6 6. Be2 e5 7. Nb3 Be7 8. Be3 Be6 9. Nd5 Nbd7 10. Qd3 Rc8 11. a4 O-O 12. a5 Bxd5 13. exd5 Qc7 14. c4 e4 15. Qd1 Ne5 16. Rc1 Qd7 17. Nd4 Bd8 18. b4 Nfg4 19. Ne6 Nxe3 20. Nxf8 Nxg2+ 21. Kf1 Qh3 22. Rc3 Ne3+ 23. Ke1 Qg2 24. Rxe3 Qxh1+ 25. Kd2 Qxd1+ 26. Kxd1 Kxf8 27. Rc3 f5 28. Kc2 b6 29. axb6 Bxb6 30. Kb3 a5 31. c5 axb4 32. cxb6 bxc3 0-1


[Site "https://www.chess.com"]

[Event "Titled Tuesday Blitz June 20 Early 2023"]
[White "Itgelt, Khuyagtsogt"]
[Black "Abduzhaparov"]
[WhiteFideId "4902912"]
[WhiteElo "2227"]
[BlackElo "2385"]
[Result "1-0"]
[Round "1"]
[TimeControl "180+2"]
[Date "2023.06.20"]
[WhiteClock "0:00:03"]
[BlackClock "0:00:00"]
[Board "123"]

1. d4 d6 2. e4 Nf6 3. Nd2 e5 4. c3 Nbd7 5. Bd3 d5 6. exd5 Nxd5 7. Ngf3 Nf4 8. Bf1 exd4 9. Nxd4 Ne5 10. N2f3 Neg6 11. g3 Qe7+ 12. Be3 Nd5 13. Nc2 Nxe3 14. Nxe3 c6 15. Bg2 Bd7 16. Qa4 Qc5 17. O-O O-O-O 18. Nd4 Kb8 19. Rfd1 Be7 20. Qc2 Bf6 21. b4 Qh5 22. Rab1 Ne5 23. b5 cxb5 24. Nxb5 Nf3+ 25. Bxf3 Qxf3 26. Nd4 Qh5 27. Qe4 b6 28. Nc4 Qc5 29. Qf4+ Ka8 30. Qf3+ Kb8 31. Qf4+ Ka8 32. Nd6 Bc6 33. Nxc6 Qxc6 34. Nxf7 Rxd1+ 35. Rxd1 Rc8 36. Nd6 Rd8 37. c4 Be7 38. c5 bxc5 39. Qf7 Bxd6 40. Qxg7 Bc7 41. Rxd8+ Bxd8 42. Qxh7 Bb6 43. Qg8+ Kb7 44. Qc4 Qd6 45. h4 Qd4 46. Qxd4 cxd4 47. Kf1 d3 48. f4 Be3 49. h5 Kc6 50. h6 Kd6 51. h7 Bd4 52. Ke1 Bc3+ 53. Kd1 Ke6 54. g4 Kf6 55. h8=Q+ Kg6 56. Qxc3 1-0


[Site "https://www.chess.com"]

[Event "Titled Tuesday Blitz June 20 Early 2023"]
[White "Novikova, Galina"]
[Black "Postny, Evgeny"]
[WhiteFideId "4157095"]
[BlackFideId "2804344"]
[WhiteElo "1953"]
[BlackElo "2504"]
[Result "0-1"]
[Round "1"]
[TimeControl "180+2"]
[Date "2023.06.20"]
[WhiteClock "0:00:00"]
[BlackClock "0:00:36"]
[Board "124"]

1. e4 c5 2. Nf3 d6 3. d4 cxd4 4. Nxd4 Nf6 5. Nc3 Nc6 6. h3 g6 7. g4 Bg7 8. Be3 Bd7 9. Qd2 Rc8 10. Nb3 Ne5 11. O-O-O Bc6 12. Bd3 Nxd3+ 13. Qxd3 Kf8 14. g5 Nd7 15. f4 a5 16. Bd4 e5 17. Be3 exf4 18. Qxd6+ Qe7 19. Qxf4 a4 20. Rxd7 Bxd7 21. Nd4 Be5 22. Qf2 a3 23. Nd5 axb2+ 24. Kb1 Qd6 25. Rf1 Be8 26. Nb5 Qe6 27. Bc5+ Kg7 28. Bd4 Rf8 29. Bxe5+ Qxe5 30. Nd4 Ba4 31. Qe3 Rc4 32. Rd1 Re8 33. Re1 Qxd4 0-1


[Site "https://www.chess.com"]

[Event "Titled Tuesday Blitz June 20 Early 2023"]
[White "Begmuratov, Alisher"]
[Black "sebastianmarinp"]
[WhiteFideId "14203367"]
[WhiteElo "2387"]
[BlackElo "2383"]
[Result "1-0"]
[Round "1"]
[TimeControl "180+2"]
[Date "2023.06.20"]
[WhiteClock "0:00:41"]
[BlackClock "0:00:00"]
[Board "125"]

1. e4 e5 2. Nf3 Nc6 3. Bc4 Nf6 4. d3 Be7 5. O-O O-O 6. Nc3 d6 7. h3 Na5 8. a3 Nxc4 9. dxc4 Be6 10. b3 h6 11. Bb2 Re8 12. Re1 Bf8 13. Nd5 Nh7 14. c5 c6 15. Ne3 dxc5 16. Nxe5 Qh4 17. N3g4 Ng5 18. Nf3 Bxg4 19. Nxh4 Bxd1 20. Raxd1 Rad8 21. Rxd8 Rxd8 22. f4 Ne6 23. f5 Nd4 24. Bxd4 cxd4 25. a4 d3 26. cxd3 Rxd3 27. e5 Rxb3 28. e6 Be7 29. exf7+ Kxf7 30. Ng6 Bf6 31. Rd1 Ra3 32. Rd7+ Ke8 33. Rxb7 Rxa4 34. Rc7 Ra1+ 35. Kf2 Ra5 36. g4 h5 37. Rxc6 hxg4 38. hxg4 Ra2+ 39. Kf3 Ra3+ 40. Ke4 Ra4+ 41. Kd5 Rd4+ 42. Kc5 Rxg4 43. Ra6 Rg5 44. Rxa7 Rxf5+ 45. Kd6 Rf1 46. Ke6 Re1+ 47. Kd5 Rd1+ 48. Ke4 Re1+ 49. Kf5 Rf1+ 50. Nf4 Kf8 51. Ke6 1-0


[Site "https://www.chess.com"]

[Event "Titled Tuesday Blitz June 20 Early 2023"]
[White "Goldin, Roman"]
[Black "Florescu, Codrut-Constantin"]
[WhiteFideId "2803860"]
[BlackFideId "1202200"]
[WhiteElo "2312"]
[BlackElo "2191"]
[Result "1-0"]
[Round "1"]
[TimeControl "180+2"]
[Date "2023.06.20"]
[WhiteClock "0:00:09"]
[BlackClock "0:00:32"]
[Board "126"]

1. e4 c5 2. Nf3 e6 3. c3 Nf6 4. e5 Nd5 5. g3 d6 6. exd6 Bxd6 7. Bg2 Nc6 8. O-O O-O 9. Re1 Bd7 10. Na3 Rc8 11. Nc4 Bb8 12. a4 b6 13. d3 a6 14. h4 h6 15. Qb3 b5 16. axb5 axb5 17. Ne3 Nf6 18. Qxb5 Nd4 19. Qa5 Nxf3+ 20. Bxf3 Bc7 21. Qa2 e5 22. Nd5 Nxd5 23. Qxd5 Bf5 24. Qxd8 Rfxd8 25. Be4 Be6 26. Be3 f5 27. Bg2 Rxd3 28. Bxc5 e4 29. Be3 Rb8 30. Bf1 Rdd8 31. b4 Be5 32. Rec1 Rdc8 33. Bf4 Bxf4 34. gxf4 Kf7 35. b5 Bc4 36. Bxc4+ Rxc4 37. Rab1 Rb6 38. Kf1 Ke6 39. Ke2 Kd5 40. Kd2 Kc5 41. Rg1 Rd6+ 42. Kc2 Rd3 43. Rb3 Rf3 44. b6 Rxf2+ 45. Kb1 e3 46. b7 e2 47. b8=Q Rf1+ 48. Kc2 Kd5 49. Qe5+ 1-0


[Site "https://www.chess.com"]

[Event "Titled Tuesday Blitz June 20 Early 2023"]
[White "Jaracz, Pawel"]
[Black "i_like_explosions"]
[WhiteFideId "1102222"]
[WhiteElo "2454"]
[BlackElo "2382"]
[Result "0-1"]
[Round "1"]
[TimeControl "180+2"]
[Date "2023.06.20"]
[WhiteClock "0:00:40"]
[BlackClock "0:00:18"]
[Board "127"]

1. e4 c5 2. Nf3 Nc6 3. d4 cxd4 4. Nxd4 Nf6 5. Nc3 e5 6. Ndb5 d6 7. Bg5 a6 8. Na3 b5 9. Nd5 Be7 10. Bxf6 Bxf6 11. Nb1 O-O 12. Nd2 Rb8 13. Nf3 Be6 14. c3 Bg5 15. Be2 Bh6 16. O-O Ne7 17. Nxe7+ Qxe7 18. Ne1 Rfd8 19. Bf3 b4 20. cxb4 Rxb4 21. Nd3 Rd4 22. Qe2 Qb7 23. b3 Rc8 24. Rfd1 Rc3 25. Ne1 g6 26. Rxd4 exd4 27. Rd1 Bg7 28. Bg4 Qb5 29. Qxb5 axb5 30. Bxe6 fxe6 31. Kf1 Kf7 32. Ke2 Ke7 33. g3 e5 34. Nd3 Bh6 35. f4 Ke6 36. Rf1 Rc2+ 37. Kf3 Rxa2 38. Rc1 Rd2 39. Nf2 exf4 40. Ng4 Bg5 41. gxf4 Be7 42. Nf2 Rb2 43. Rd1 Rxb3+ 44. Nd3 Rc3 45. Ke2 Rc2+ 46. Kf3 Rxh2 47. Rb1 Rh3+ 48. Ke2 Re3+ 49. Kd2 d5 50. e5 b4 51. Ra1 Rh3 52. Ra6+ Kf5 53. Ra7 Rh2+ 54. Kd1 Bh4 55. Rf7+ Ke4 56. Nc5+ Ke3 57. e6 d3 58. Kc1 d2+ 59. Kc2 Rh1 60. e7 d1=Q+ 61. Kb2 Rh2# 0-1


[Site "https://www.chess.com"]

[Event "Titled Tuesday Blitz June 20 Early 2023"]
[White "Osinovsky, Stepan"]
[Black "Kucuksari, Kaan"]
[WhiteFideId "4157354"]
[BlackFideId "6380166"]
[WhiteElo "2222"]
[BlackElo "2364"]
[Result "0-1"]
[Round "1"]
[TimeControl "180+2"]
[Date "2023.06.20"]
[WhiteClock "0:00:02"]
[BlackClock "0:00:14"]
[Board "128"]

1. Nf3 Nf6 2. g3 c5 3. Bg2 Nc6 4. O-O e5 5. d3 d5 6. Nbd2 Be7 7. e4 O-O 8. Re1 d4 9. Nc4 Qc7 10. a4 h6 11. Nh4 Re8 12. Nf5 Bf8 13. f4 Bxf5 14. exf5 exf4 15. Rxe8 Rxe8 16. Bxf4 Qd7 17. g4 Nd5 18. Bxd5 Qxd5 19. Kf2 Be7 20. Qf3 Bh4+ 21. Bg3 Bxg3+ 22. hxg3 Qd8 23. Re1 Nb4 24. Qxb7 Nxc2 25. Rxe8+ Qxe8 26. Qe4 Qxa4 27. Nd6 Qd7 28. Qa8+ Kh7 29. Qf8 Ne3 30. Nxf7 Nxg4+ 31. Kg1 Qxf5 32. Ng5+ Qxg5 0-1


[Site "https://www.chess.com"]

[Event "Titled Tuesday Blitz June 20 Early 2023"]
[White "benny_aizenberg"]
[Black "Lalanne, Pablo"]
[BlackFideId "112151"]
[WhiteElo "2670"]
[BlackElo "2120"]
[Result "1/2-1/2"]
[Round "1"]
[TimeControl "180+2"]
[Date "2023.06.20"]
[WhiteClock "0:00:04"]
[BlackClock "0:00:06"]
[Board "129"]

1. d4 Nf6 2. c4 e6 3. Nf3 Bb4+ 4. Bd2 a5 5. g3 O-O 6. Bg2 d5 7. O-O dxc4 8. Qc2 b5 9. a4 bxa4 10. Na3 Bb7 11. Nxc4 Be4 12. Qc1 Nbd7 13. Rxa4 c5 14. dxc5 Nxc5 15. Bxb4 Nxa4 16. Bxf8 Qxf8 17. b3 Nc5 18. Nfd2 Bxg2 19. Kxg2 Qb8 20. Qc3 Qb7+ 21. f3 Nd5 22. Qb2 a4 23. Ra1 axb3 24. Rxa8+ Qxa8 25. Nxb3 Nxb3 26. Qxb3 h6 27. e4 Nf6 28. Nd6 Qd8 29. Qb4 Qd7 30. Qc5 Kh7 31. h4 Ne8 32. e5 f6 33. Nc4 Qc7 34. Qd4 Qc6 35. Qd3+ Kg8 36. exf6 Nxf6 37. Ne5 Qd5 38. Qe3 Kh7 39. g4 Nd7 40. Qd3+ Qxd3 41. Nxd3 Nf6 42. Kg3 Nd5 43. Nc5 Nc7 44. Kf4 Kg6 45. Ke5 Kf7 46. Kd6 Ne8+ 47. Ke5 Nc7 48. h5 Ke7 49. f4 Kf7 50. g5 hxg5 51. fxg5 Ke7 52. Nd3 Kf7 53. Nf4 Ke7 54. Ng6+ Kf7 55. Nh8+ Kg8 56. Ng6 Kf7 57. Nf4 Ke7 58. Ne2 Kf7 59. Nc1 Ne8 60. Nd3 Nc7 61. Kd6 Ne8+ 62. Kd7 Nf6+ 63. gxf6 Kxf6 64. Kd6 Kg5 65. Kxe6 Kxh5 66. Kf5 g5 67. Ke4 g4 68. Ke3 g3 69. Kf3 g2 70. Kxg2 1/2-1/2


[Site "https://www.chess.com"]

[Event "Titled Tuesday Blitz June 20 Early 2023"]
[White "Topalov, Aleksandar"]
[Black "Goryachkina, Aleksandra"]
[WhiteFideId "925659"]
[BlackFideId "4147103"]
[WhiteElo "2151"]
[BlackElo "2471"]
[Result "0-1"]
[Round "1"]
[TimeControl "180+2"]
[Date "2023.06.20"]
[WhiteClock "0:00:00"]
[BlackClock "0:00:05"]
[Board "130"]

1. b3 d5 2. Bb2 c5 3. e3 a6 4. Nf3 Nc6 5. d4 Nf6 6. Nbd2 Bg4 7. Be2 e6 8. O-O Rc8 9. c4 cxd4 10. exd4 Be7 11. c5 O-O 12. a3 Ne4 13. b4 Bf6 14. Nxe4 dxe4 15. Ne5 Bxe2 16. Qxe2 Qd5 17. Nxc6 bxc6 18. Qxa6 Bxd4 19. Bxd4 Qxd4 20. Rfd1 Qe5 21. Qe2 f5 22. Ra2 f4 23. Re1 Rcd8 24. h3 Rd4 25. Rd2 f3 26. Qe3 Rxd2 27. Qxd2 fxg2 28. Qd6 Qf5 29. Qg3 Qd5 30. Qxg2 Rf3 31. Qg4 h5 32. Qxe4 Qg5+ 33. Kf1 Rf6 34. Qxc6 Qf5 35. Qg2 Qd3+ 36. Kg1 Rg6 37. Re3 Rxg2+ 38. Kxg2 Qd5+ 39. Kg3 g5 40. h4 Qf5 41. hxg5 Qxg5+ 42. Kh3 Qf5+ 43. Kh2 Kf7 44. c6 Qf4+ 45. Kg2 Qc4 46. b5 Qxb5 47. Rc3 Qd5+ 48. Kg1 Qe5 0-1


[Site "https://www.chess.com"]

[Event "Titled Tuesday Blitz June 20 Early 2023"]
[White "Vaibhav Jayant Raut"]
[Black "Melikhov, Evgeny V."]
[WhiteFideId "5089034"]
[BlackFideId "4122046"]
[WhiteElo "2156"]
[BlackElo "2158"]
[Result "1-0"]
[Round "1"]
[TimeControl "180+2"]
[Date "2023.06.20"]
[WhiteClock "0:00:21"]
[BlackClock "0:00:15"]
[Board "131"]

1. d4 Nf6 2. Nf3 d5 3. Bf4 e6 4. e3 Bd6 5. Bg3 O-O 6. Nbd2 c5 7. c3 Qc7 8. Ne5 Nbd7 9. f4 Re8 10. Bd3 Nf8 11. O-O b6 12. Bh4 Ng6 13. Bg3 a5 14. Qe2 Bb7 15. h4 Ne4 16. Nxe4 dxe4 17. Bb5 Red8 18. h5 Ne7 19. Bh4 f6 20. Nc4 Nf5 21. Bf2 h6 22. g4 Ne7 23. Rac1 Bc6 24. Nxd6 Rxd6 25. Bg3 Bxb5 26. Qxb5 Qc6 27. Qe2 Rd7 28. Rf2 cxd4 29. exd4 b5 30. Re1 f5 31. g5 Qc4 32. Qd1 Nd5 33. Rg2 Kh7 34. Kh2 Qd3 35. Qxd3 exd3 36. Rxe6 Re7 37. g6+ Kg8 38. Rxe7 Nxe7 39. Rd2 Nd5 40. Rxd3 Re8 41. Rd2 Re3 42. Kg2 a4 43. Kf2 Re4 44. Re2 Nxf4 45. Rxe4 Nd3+ 46. Ke3 fxe4 47. b3 a3 48. Bd6 Nc1 49. Bxa3 Nxa2 50. Bb2 b4 51. cxb4 Nxb4 52. Kxe4 Kf8 53. Ba3 1-0


[Site "https://www.chess.com"]

[Event "Titled Tuesday Blitz June 20 Early 2023"]
[White "FREDERICKtheMATE"]
[Black "Korchmar, Vasiliy"]
[BlackFideId "24131750"]
[WhiteElo "2375"]
[BlackElo "2370"]
[Result "1-0"]
[Round "1"]
[TimeControl "180+2"]
[Date "2023.06.20"]
[WhiteClock "0:00:50"]
[BlackClock "0:00:00"]
[Board "132"]

1. e4 c5 2. Nf3 d6 3. Bb5+ Nd7 4. c3 Nf6 5. Qe2 a6 6. Ba4 b5 7. Bc2 e6 8. O-O Bb7 9. d4 Be7 10. a4 O-O 11. Re1 b4 12. Nbd2 a5 13. Bd3 Re8 14. h3 Bf8 15. g4 g6 16. Nf1 Bg7 17. Ng3 h6 18. Be3 d5 19. e5 Ne4 20. Bxe4 dxe4 21. Nd2 bxc3 22. bxc3 cxd4 23. cxd4 Qh4 24. Kh2 f5 25. exf6 Nxf6 26. Bf4 Nd5 27. Be5 Bxe5 28. dxe5 Nf4 29. Qf1 Ba6 30. Ne2 Nxe2 31. Rxe2 Qg5 32. Nxe4 Qxe5+ 33. f4 Bxe2 34. fxe5 Bxf1 35. Nf6+ Kg7 36. Nxe8+ Rxe8 37. Rxf1 Rd8 38. Rf6 Rd4 39. Rxe6 Rxa4 40. Re7+ Kf8 41. Ra7 Ra1 42. Kg3 a4 43. Kf4 a3 44. Kf3 a2 45. Kg2 Ke8 46. e6 Kd8 47. Kh2 Ke8 48. h4 Kf8 49. h5 g5 50. Kg2 Ke8 51. Kh2 Kd8 52. Kg2 Ke8 53. Kh2 Re1 54. Rxa2 Rxe6 55. Ra7 Rf6 56. Kg3 Re6 57. Rh7 Kf8 58. Kf3 Kg8 59. Rb7 Rf6+ 60. Kg3 Rd6 61. Re7 Rd3+ 62. Kf2 Rd2+ 63. Ke3 Rd6 64. Ke4 Rf6 65. Kd5 Rf4 66. Re4 Rf6 67. Ke5 Rc6 68. Rd4 Kg7 69. Rd7+ Kf8 70. Rh7 Kg8 71. Rd7 Rc4 72. Rd4 Rc6 73. Kf5 Kf7 74. Rd7+ Kg8 75. Re7 Rb6 76. Re6 Rb5+ 77. Kg6 1-0


[Site "https://www.chess.com"]

[Event "Titled Tuesday Blitz June 20 Early 2023"]
[White "Agibileg, Uurtsaikh"]
[Black "Guha, Eshan"]
[WhiteFideId "4901606"]
[BlackFideId "30958628"]
[WhiteElo "2353"]
[BlackElo "2369"]
[Result "1-0"]
[Round "1"]
[TimeControl "180+2"]
[Date "2023.06.20"]
[WhiteClock "0:00:09"]
[BlackClock "0:00:01"]
[Board "133"]

1. d4 Nf6 2. c4 c5 3. d5 b5 4. cxb5 a6 5. b6 e6 6. Nc3 Nxd5 7. Nxd5 exd5 8. Qxd5 Nc6 9. Nf3 Rb8 10. e4 Be7 11. Bc4 O-O 12. O-O Rxb6 13. e5 Nb4 14. Qd1 d5 15. exd6 Rxd6 16. Qb3 Nc6 17. Bf4 Na5 18. Qc2 Nxc4 19. Qxc4 Be6 20. Qxc5 Rd3 21. Qc2 Bf6 22. Rad1 Rxd1 23. Rxd1 Qa5 24. a3 Qh5 25. Nd4 Rd8 26. Be3 g6 27. f3 Qe5 28. Bf2 Bd5 29. h3 Qd6 30. Ne2 Be5 31. Nc3 Qe6 32. Re1 Qf6 33. Qd3 Be6 34. Qxa6 Bxc3 35. bxc3 Qxc3 36. Qb6 Qc8 37. Bh4 Re8 38. Bf6 Qd7 39. Qe3 Qd6 40. Qh6 Qf8 41. Qh4 Qc5+ 42. Bd4 Qf8 43. Qf6 Qe7 44. Qg7# 1-0


[Site "https://www.chess.com"]